Workbook

Sheet 合同档案目录
A1: 大连罗斯泵业有限公司
A2: 合同档案目录
A3: ="计划号："&'封面'!E8 | D3: ="客户："&'封面'!E11 | G3: ="业务员："&'封面'!E17 | K3: 制式文件，此页无需操作
A4: 合同信息 | E4: 变更单及内部联络函
A5: 序号 | B5: 类别 | C5: 页数 | D5: 有无 | E5: 序号 | F5: 公司码＆文件编号 | G5: 变更内容 | H5: 页数 | I5: 部门
A6: 1 | B6: 中标通知书 | E6: 1
A7: 2 | B7: 销售合同 | E7: 2
A8: 3 | B8: 技术协议 | E8: 3
A9: 4 | B9: 排产申请 | E9: 4
A10: 5 | B10: 合同评审表 | E10: 5
A11: 6 | B11: 生产通知单 | E11: 6
A12: 7 | B12: 工期确认表 | E12: 7
A13: 8 | B13: 会议记录 | E13: 8
A14: 9 | B14: 中间资料 | E14: 9
A15: 10 | B15: 终版资料 | E15: 10
A16: 11 | B16: 机封采购合同 | E16: 11
A17: 12 | B17: 电机采购合同 | E17: 12
... A20: 15 | B20: 发货通知单 | E20: 15
A21: 客户来函件 | E21: 公司发函件
A22: 序号 | B22: 内容 | C22: 页数 | D22: 发件人 | E22: 序号 | F22: 文件编号 | G22: 内容 | H22: 页数 | I22: 发件人
A23: 1 | E23: 1
A24: 2 | E24: 2
A25: 3 | E25: 3
A26: 4 | E26: 4
A27: 5 | E27: 5
A28: 6 | E28: 6
A29: 7 | E29: 7
A30: 8 | E30: 8
A31: 9 | E31: 9

Sheet 封面
B2: 大连罗斯泵业有限公司
C5: 工 厂 执 行 文 件-FOP
C7: 合同号
C8: 罗斯计划号 | K8: 此页仅涂黄处需要自动填写
C9: 项目/装置名称 | E9: 蓝海新材料有限公司高端聚烯烃新材料项目
C11: 买 方 | E11: 蓝海新材料(通州湾)有限责任公司
C13: 最终用户 | E13: 蓝海新材料(通州湾)有限责任公司
C15: 设 计 方 | E15: 中国寰球工程有限公司
C17: 销售经理 | G17: 技术支持
C18: 排产时间 | G18: 交货日期
C19: 合同类型 | G19: 设备类型及数量
C21: 市场领域 | G21: 所在地区环境 | H21: 当地低温、多风沙、盐雾腐蚀
D24: 预排执行计划
D25: 确定执行计划
C28: 8
C29: 7
C30: 6
C31: 5
C32: 4
C33: 3
C34: 2
C35: 1
C36: 0
C37: 版次 | D37: 说 明 | F37: 日期 | G37: 编 制 | H37: 校 对 | I37: 批 准

Sheet 文件升版修订
A3: 大连罗斯泵业有限公司
A5: FOP修订文件
A6: 序号 | B6: 修订项 | C6: 日期 | D6: 修订内容
A7: 1
A8: 2 | F8: 制式文件，此页无需操作
A9: 3
A10: 4
A11: 5
A12: 6
A13: 7
A14: 8
A15: 9
A16: 10
A17: 11
A18: 12
A19: 13
A20: 14
... A32: 26

Sheet 排产说明
A1: 采购单位 | C1: ='选型表'!D3 | G1: 合同号 | H1: ='选型表'!E2
A2: 计划号 | C2: ='选型表'!J2 | G2: 日期 | H2: ='选型表'!AC5
A3: 技术说明
A4: 此页需要填写泵要求：
A5: 法兰标准：所有与买方接口均为法兰连接，法兰标准ASME B16.5/ASME B16.47B。
A6: 示例：HG/T20615-2009 300lb WN/RF
A7: 若压力等级（300lb）和密封面（RF）每个位号不一样则按照位号列明
A9: 示例：材料执行国标/美标
A10: 泵铭牌要求：买方国外采购的转动设备和机器、电动机和仪表上的铭牌应用英文书写；国内采购的转动设备和机器、电动机和仪表上的铭牌用中文书写。铭牌应用不锈钢或蒙乃尔材料制成并至少包括以下内容：- 卖方的名称 - 系列号 - 型号 - 特性数据(例如：转速、流量、扬程或压力等) - 买方的位号 - 制造日期
A11: 接地要求：每个底座至少提供两处接地点(端子板)，买方完成界区外接地设计。卖方图纸中应清楚地标明所有的接地端子。所有金属结构均应提供接地点，所有需防静电的金属框架和管道均应做接地。法兰的连接点应有可见的跨接线，静电跨接线不小于6mm²。
A12: 安全防护要求：所有外露转动部件应设置安全防护罩，防护罩应能完全遮挡所有转动部件。带网眼的防护罩应保证人手指不能通过网眼触及到运动部件。防护罩应有足够的刚度，防护罩材料厚度至少3mm，且能承受来自任何方向900N的静载荷而不会因为变形而接触运动部位。有防爆要求的场合应采用无火花型防护罩。联轴器护罩设置可以方便盘车的盘车窗。防护罩设计应保证，其与驱动机/被驱动设备之间缝隙，手指无法穿过。
A13: 紧固件要求：所有接口的非标配对法兰、法兰垫片及紧固件；全部的地脚螺栓、螺母及垫片。
A14: 海拔高度/大气压、环境：户外环境：极端最低温度-10.9 °C，极端最高温度39.6 °C；年平均相对湿度77.6%。室内环境：正常条件下温度18~27 °C，相对湿度35%~75%；空调故障异常环境下连续运行72小时，温度0~45 °C，相对湿度20%~95%。室内安装设备的腐蚀环境等级应满足 GB\T17214.4-2005\IEC60654-4:1987 Class 2。成套单元供货范围内的所有仪表和控制系统设备应适用于冬季低温环境。

Sheet 待定项
A1: 采购单位 | C1: ='选型表'!D3 | F1: 合同待定项 | G1: 合同号 | H1: ='选型表'!E2 | L1: 制式文件，此页无需操作
A2: 计划号 | C2: ='选型表'!J2 | G2: 日期 | H2: ='选型表'!AC5
A3: 待定内容 | F3: 与业务员或看客户沟通日期 | H3: 客户反馈日期 | J3: 备注
A13: 说明：所有待定项，工程人员应于产前评审会结束后，统一以邮件形式发给业务员或客户，客户回复后下发联络单给各部门签收。

Sheet 选型表
C2: 合同号： | E2: ='封面'!E7 | I2: 计划号： | J2: ='封面'!E8
A3: 采购单位 | D3: ='封面'!E11 | K3: 离心泵选型参数表 | V3: 所属地区 | Y3: 江苏省南通市通州湾绿色化工拓展区(主体港) | AB3: 评审人 | AC3: ='封面'!H17 | AI3: 此页即最初要求的选型表
A4: 业主名称 | D4: ='封面'!E13
A5: 项目名称/装置名称 | D5: ='封面'!E9 | V5: 联 系 人 | AB5: 日 期 | AC5: ='封面'!E18
A6: 分号 | B6: 出厂编号 | C6: 设备位号 | D6: 设备名称 | E6: 数量 | F6: 介质名称 | G6: 比重 | H6: 温度 (℃) | I6: 汽化 压力 (MPaA) | J6: 粘度 (mm2/s) | K6: 压力(MPaG) | M6: 流量 m3/h | P6: 扬程 m | Q6: 泵型号 | S6: 自吸高度m | T6: 额定 转速 rpm | U6: 效率 % | V6: NPSH (m) | X6: 轴功率 （kw） | Y6: 材质 (代号) | Z6: 密封 冲洗 方案 PLAN | AA6: 冷却 /保温方案 | AB6: 电机型号 | AC6: 功率 （kw） | AD6: 轴承架号 | AE6: MAWP (MPa) | AF6: 水压试验压力 (MPa) | AG6: MAWT (℃)
K7: 入口 | L7: 出口 | M7: Qmin | N7: 正常 | O7: 额定★ | V7: a | W7: r
A8: 1 | C8: 3100-P-3133A/B | D8: C-3130塔釜采出泵 | E8: 2 | F8: 低聚物、己烷、辛烯 | G8: 0.621 | H8: 119.4 | I8: 0.155 | J8: 0.30515298 | K8: 0.09 | L8: 0.281 | N8: 8.85 | P8: 32 | V8: 4 | X8: =O8*P8*G8/367.2/U8*100 | Y8: CS / 12%Cr | Z8: PLAN22+52 | AA8: T≤177°C: 风冷; 177°C<T<260°C: 风冷+隔热措施; 260°C≤T: 水冷; 当泵送介质温度大于等于260°C时，泵底座及支撑宜用水进行冷却
A9: 2 | C9: 3100-P-3143A/B | D9: 二级凝液泵 | E9: 2 | F9: 己烷、辛烯、微量聚合物 | G9: 0.60897 | H9: 101.5 | I9: 0.2 | J9: 0.31200223 | K9: 0.17 | L9: 0.38 | M9: 2.4 | N9: 5.5 | V9: 5 | X9: =O9*P9*G9/367.2/U9*100 | Y9: CS / 12%Cr | Z9: PLAN22+52 | AA9: 水冷夹套 有
A10: 3 | C10: 3100-P-4112A/B | D10: C-4110塔釜液泵 | E10: 2 | F10: 辛烯-1、异辛烯、低聚物 | G10: 0.61 | H10: 141.8 | I10: 0.17 | J10: 0.23688525 | K10: 0.098 | L10: 0.487 | M10: 2.6 | N10: 9.71 | P10: 65 | V10: 3.5 | X10: =O10*P10*G10/367.2/U10*100 | Y10: CS / 12%Cr | Z10: PLAN22+52
A11: 4 | C11: 3100-P-4123A/B | D11: C-4120塔釜再沸器强制循环泵 | E11: 2 | F11: 辛烯-1、辛烯-2、低聚物 | G11: 0.651 | H11: 145.4 | I11: 0.17 | J11: 0.37941628 | K11: 0.1 | L11: 0.195 | M11: 131 | N11: 263.2 | V11: 3.5 | X11: =O11*P11*G11/367.2/U11*100 | Y11: CS / 12%Cr | Z11: PLAN22+52 | AA11: T≤177°C: 风冷; 177°C<T<260°C: 风冷+隔热措施; 260°C≤T: 水冷; 当泵送介质温度大于等于260°C时，泵底座及支撑宜用水进行冷却
A12: 5 | C12: 3100-P-4133A/B | D12: 退料物料输送泵 | E12: 2 | F12: 己烷、辛烯-1、辛烯-2、低聚物 | G12: 0.671 | H12: 60 | I12: 0.032 | J12: 0.46289121 | K12: 0.202 | L12: 0.453 | M12: 2.7 | N12: 5.5 | V12: 4.5 | X12: =O12*P12*G12/367.2/U12*100 | Z12: PLAN12+52 | AA12: T≤177°C: 风冷; 177°C<T<260°C: 风冷+隔热措施; 260°C≤T: 水冷; 当泵送介质温度大于等于260°C时，泵底座及支撑宜用水进行冷却
A13: 6 | C13: 3100-P-4134 | D13: 低聚物输送泵 | E13: 1 | F13: 异辛烯、低聚物 | G13: 0.71 | H13: 80 | I13: 0.005 | J13: 0.66521127 | K13: 0.204 | L13: 0.83 | N13: 30 | P13: 90 | V13: 4.5 | X13: =O13*P13*G13/367.2/U13*100 | Y13: CS / 12%Cr | Z13: PLAN12+52 | AA13: T≤177°C: 风冷; 177°C<T<260°C: 风冷+隔热措施; 260°C≤T: 水冷; 当泵送介质温度大于等于260°C时，泵底座及支撑宜用水进行冷却
A14: 7 | C14: 3100-P-8121A/B | D14: 蒸汽凝液输送泵 | E14: 2 | F14: 蒸汽凝液 | G14: 0.957 | H14: 101 | I14: 0.11 | J14: 0.28756531 | K14: 0.06 | L14: 0.9 | N14: 16.5 | P14: 90 | V14: 4 | X14: =O14*P14*G14/367.2/U14*100 | Y14: 12%Cr / 12%Cr | Z14: PLAN23 | AA14: T≤177°C: 风冷; 177°C<T<260°C: 风冷+隔热措施; 260°C≤T: 水冷; 当泵送介质温度大于等于260°C时，泵底座及支撑宜用水进行冷却
A15: 8 | C15: 3100-P-8151AB | D15: 火炬凝液输送泵 | E15: 2 | F15: 火炬凝液 | G15: 0.642~1 | H15: 160 | K15: 0.15 | L15: 1.1 | P15: 95 | V15: 5 | X15: =O15*P15*G15/367.2/U15*100 | Y15: CS / 12%Cr | Z15: PLAN23+53B | AA15: T≤177°C: 风冷; 177°C<T<260°C: 风冷+隔热措施; 260°C≤T: 水冷; 当泵送介质温度大于等于260°C时，泵底座及支撑宜用水进行冷却
A16: 9 | C16: 3100-P-8171 | D16: 冷凝液输送泵 | E16: 1 | F16: 废气冷凝液 | G16: 0.7 | H16: -18 | I16: 0.01 | K16: 0.01 | L16: 0.52 | V16: 5 | X16: =O16*P16*G16/367.2/U16*100 | Y16: CS / 12%Cr | Z16: PLAN11+53B | AA16: T≤177°C: 风冷; 177°C<T<260°C: 风冷+隔热措施; 260°C≤T: 水冷; 当泵送介质温度大于等于260°C时，泵底座及支撑宜用水进行冷却
A17: 10 | C17: 3100-P-3233A/B | D17: C-3230塔釜采出泵 | E17: 2 | F17: 低聚物、己烷、辛烯 | G17: 0.621 | H17: 119.4 | I17: 0.155 | J17: 0.30515298 | K17: 0.09 | L17: 0.281 | N17: 8.85 | V17: 4 | X17: =O17*P17*G17/367.2/U17*100 | Y17: CS / 12%Cr | Z17: PLAN22+52
A18: 11 | C18: 3100-P-3243A/B | D18: 二级凝液泵 | E18: 2 | F18: 己烷、辛烯、微量聚合物 | G18: 0.60897 | H18: 101.5 | I18: 0.2 | J18: 0.31200223 | K18: 0.17 | L18: 0.38 | N18: 5.5 | P18: 35 | V18: 5 | X18: =O18*P18*G18/367.2/U18*100 | Y18: CS / 12%Cr | Z18: PLAN22+52 | AA18: 水冷夹套 有
A19: 12 | C19: 3100-P-3243A/B | D19: 二级凝液泵 | F19: 己烷、丁烯(微量) | G19: 0.59224 | H19: 89.9 | I19: 0.2 | J19: 0.29987843 | K19: 0.17 | L19: 0.52 | M19: 2.9 | N19: 5.83 | P19: 61 | V19: 5 | X19: =O19*P19*G19/367.2/U19*100 | Y19: CS / 12%Cr | Z19: PLAN22+52 | AA19: T≤177°C: 风冷; 177°C<T<260°C: 风冷+隔热措施; 260°C≤T: 水冷; 当泵送介质温度大于等于260°C时，泵底座及支撑宜用水进行冷却
A20: 13 | C20: 3100-P-4212A/B | D20: C-4210塔釜液泵1 | E20: 2 | F20: 辛烯-1、异辛烯、低聚物 | G20: 0.61 | H20: 141.8 | I20: 0.17 | J20: 0.23688525 | K20: 0.098 | L20: 0.473 | M20: 2.6 | N20: 9.71 | P20: 65 | V20: 3.5 | X20: =O20*P20*G20/367.2/U20*100 | Y20: CS / 12%Cr | Z20: PLAN22+52 | AA20: T≤177°C: 风冷; 177°C<T<260°C: 风冷+隔热措施; 260°C≤T: 水冷; 当泵送介质温度大于等于260°C时，泵底座及支撑宜用水进行冷却
A21: 14 | C21: 3100-P-4213A/B | D21: C-4210塔釜液泵2 | E21: 2 | F21: 低聚物、己烷 | G21: 0.815 | H21: 110.8 | I21: 0.3 | J21: 1.2771779 | K21: 0.261 | L21: 0.5 | M21: 185 | N21: 370.14 | P21: 30 | V21: 4.5 | X21: =O21*P21*G21/367.2/U21*100 | Y21: CS / 12%Cr | Z21: PLAN22+52 | AA21: T≤177°C: 风冷; 177°C<T<260°C: 风冷+隔热措施; 260°C≤T: 水冷; 当泵送介质温度大于等于260°C时，泵底座及支撑宜用水进行冷却
A22: 15 | C22: 3100-P-4223A/B | D22: C-4220塔釜再沸器强制循环泵 | E22: 2 | F22: 辛烯-1、辛烯-2、低聚物 | G22: 0.651 | H22: 145.4 | I22: 0.17 | J22: 0.37941628 | K22: 0.1 | L22: 0.195 | M22: 131 | N22: 263.2 | V22: 3.5 | X22: =O22*P22*G22/367.2/U22*100 | Y22: CS / 12%Cr | Z22: PLAN22+52 | AA22: 水冷夹套
A23: 16 | C23: 3100-P-4233A/B | D23: 退料物料输送泵 | E23: 2 | F23: 己烷、辛烯-1、辛烯-2、低聚物 | G23: 0.671 | H23: 40 | I23: 0.032 | J23: 0.46289121 | K23: 0.202 | L23: 0.453 | M23: 2.7 | N23: 5.5 | V23: 4.5 | X23: =O23*P23*G23/367.2/U23*100 | Y23: CS / 12%Cr | Z23: PLAN12+52
A24: 17 | C24: 3100-P-4233A/B | D24: 退料物料输送泵 | F24: 己烷、低聚物 | G24: 0.597 | I24: 0.032 | J24: 0.31239531 | K24: 0.2 | L24: 0.551 | N24: 5.95 | P24: 60 | V24: 4.5 | X24: =O24*P24*G24/367.2/U24*100 | Y24: CS / 12%Cr | Z24: PLAN12+52
A25: 18 | C25: 3100-P-4234 | D25: 低聚物输送泵 | E25: 1 | F25: 异辛烯、低聚物 | G25: 0.71 | H25: 80 | I25: 0.005 | J25: 0.66521127 | K25: 0.204 | L25: 0.83 | N25: 30 | P25: 90 | V25: 4.5 | X25: =O25*P25*G25/367.2/U25*100 | Y25: CS / 12%Cr | Z25: PLAN12+52 | AA25: T≤177°C: 风冷; 177°C<T<260°C: 风冷+隔热措施; 260°C≤T: 水冷; 当泵送介质温度大于等于260°C时，泵底座及支撑宜用水进行冷却
A26: 19 | C26: 3100-P-4234 | D26: 低聚物输送泵 | F26: 低聚物 | G26: 0.841 | H26: 80 | I26: 0.005 | J26: 2.1429251 | K26: 0.207 | L26: 0.949 | N26: 30 | O26: 30 | P26: 90 | V26: 4.5 | X26: =O26*P26*G26/367.2/U26*100 | Y26: CS / 12%Cr | Z26: PLAN12+52 | AA26: T≤177°C: 风冷; 177°C<T<260°C: 风冷+隔热措施; 260°C≤T: 水冷; 当泵送介质温度大于等于260°C时，泵底座及支撑宜用水进行冷却
A27: 20 | C27: 3100-P-8221A/B | D27: 蒸汽凝液输送泵 | E27: 2 | F27: 蒸汽凝液 | G27: 0.957 | H27: 101 | I27: 0.11 | J27: 0.28756531 | K27: 0.06 | L27: 0.9 | N27: 15.4 | P27: 90 | V27: 4 | X27: =O27*P27*G27/367.2/U27*100 | Y27: 12%Cr / 12%Cr | Z27: P21(23、32)+53A(B)、P21(23、32)+54 或P21(23、32)+74;根据密封腔的温度和密封设计要求可增配P02 冲洗方案;无压双密封结构(即P52 方案) | AA27: T≤177°C: 风冷; 177°C<T<260°C: 风冷+隔热措施; 260°C≤T: 水冷; 当泵送介质温度大于等于260°C时，泵底座及支撑宜用水进行冷却
A28: 21 | C28: 3100-P-8301A/B | D28: 冷冻水输送泵 | E28: 2 | F28: 乙二醇溶液 | G28: 1.07379 | H28: -20 | I28: 0.002 | J28: 11.370938 | K28: 0.02 | L28: 0.85 | N28: 313.19 | P28: 80 | V28: 5 | X28: =O28*P28*G28/367.2/U28*100 | Y28: CS / 12%Cr | Z28: PLAN11 | AA28: T≤177°C: 风冷; 177°C<T<260°C: 风冷+隔热措施; 260°C≤T: 水冷; 当泵送介质温度大于等于260°C时，泵底座及支撑宜用水进行冷却
A29: 22 | C29: 3100-P-8302A/B | D29: 冷冻水输送泵 | E29: 2 | X29: =O29*P29*G29/367.2/U29*100 | Y29: CS / 12%Cr | AA29: T≤177°C: 风冷; 177°C<T<260°C: 风冷+隔热措施; 260°C≤T: 水冷; 当泵送介质温度大于等于260°C时，泵底座及支撑宜用水进行冷却
A30: 23 | C30: 3100-P-8302A/B | D30: 冷冻水输送泵 | X30: =O30*P30*G30/367.2/U30*100 | Y30: CS / 12%Cr
A31: 24 | C31: 3100-P-8303A/B/C | D31: 冷水输送泵 | E31: 3 | F31: 冷水 | G31: 0.998 | H31: 12 | I31: 0.00489 | J31: 1.2324649 | K31: 0.02 | L31: 0.83 | N31: 450 | P31: 85 | V31: 5 | X31: =O31*P31*G31/367.2/U31*100 | Y31: CS / CS | Z31: PLAN11 | AA31: T≤177°C: 风冷; 177°C<T<260°C: 风冷+隔热措施; 260°C≤T: 水冷; 当泵送介质温度大于等于260°C时，泵底座及支撑宜用水进行冷却
D32: 总计 | E32: =SUM(E8:E31)
A33: 注意： | C33: 1、流量、扬程有多点时“★”标注对应额定点。 2、本《排产通知书》除“排产说明”和“供货范围”外，其他所有表格禁止合并、删除、增加、修改题目内容(除本页有粘度换算时应插入行，并在流量、扬程、效率对应列处填写清水数据外。)！3.自吸泵要标明自吸高度（提前与用户沟通好启动液位距离泵入口中心线的垂直距离） 4.水压试验压力为铭牌参数，非厂内执行参数。

Sheet 泵结构要求及执行标准
A1: 计划号 | C1: ='选型表'!J2
A2: 采购单位 | C2: ='选型表'!D3 | I2: 泵结构要求及执行标准 | P2: 所属地区 | Q2: ='选型表'!Y3 | S2: 填 表 人 | T2: ='选型表'!AC3
A3: 项目名称/ 装置名称 | C3: ='选型表'!D5 | P3: 联 系 人 | Q3: ='选型表'!Y5 | S3: 日 期 | T3: ='选型表'!AC5 | W3: 此页结构要求
A4: 由工程部填写
A5: 分号 | B5: 设备位号 | C5: 泵 型 号 | E5: 泵台数 | F5: 泵旋向（从电机端看泵） | G5: 体盖垫片材质 | H5: OH2泵 | K5: 泵体保温方式 | L5: 节流孔板要求 | M5: 轴承箱材质 | N5: 轴承箱密封形式 | O5: 轴承箱其他要求 | P5: 轴承润滑形式 | Q5: 密封冲洗管路、管件材质 | R5: 法兰垫片材质 | S5: 是否执行API682腔体 | T5: 冷却水管路材质 | U5: 备注
H6: 泵体执行标准 | I6: 泵盖执行标准 | J6: 轴承箱要求
A7: ='选型表'!A8 | B7: 3100-P-3133A/B | E7: ='选型表'!E8 | H7: API610 | K7: 风冷+隔热措施 | P7: 稀油润滑 | Q7: 304SS | S7: 按API682 | U7: 所有与买方接口均为法兰连接，法兰标准ASME B16.5/ASME B16.47B；要求噪声在距离泵1米处不超过85dB(A)；所有接口的非标配对法兰、法兰垫片及紧固件，全部的地脚螺栓、螺母及垫片由卖方供货；接管参数为工艺管路参数；选型需在最高流量下满足扬程要求；管口承受的力和力矩按API610标准中数值2倍执行；泵体排液/气采用阀门加法兰型式，其材料等级、压力等级不低于泵体等级；NPSHa计算以泵底板为基准；PLAN22提供双过滤器及差压变送器，过滤器可以在线切换。
A8: ='选型表'!A9 | B8: 3100-P-3143A/B | E8: ='选型表'!E9 | H8: API610 | K8: 风冷+隔热措施 | P8: 稀油润滑 | Q8: 304SS | U8: 1. 所有与买方接口均为法兰连接，法兰标准ASME B16.5/ASME B16.47B。 2. 要求噪声在距离泵1米处不超过85dB(A)。 3. 所有接口的非标配对法兰、法兰垫片及紧固件；全部的地脚螺栓、螺母及垫片由卖方提供。 4. 接管的参数为工艺管路参数。 5. 选型需在最高流量下满足扬程要求。 6. 管口承受的力和力矩按API610标准中数值2倍执行。 7. 泵体排液/气采用阀门加法兰型式，其材料等级、压力等级不低于泵体等级。 8. NPSHa计算以泵底板为基准。 9. PLAN22提供双过滤器及差压变送器，过滤器可以在线切换。
A9: ='选型表'!A10 | B9: 3100-P-4112A/B | E9: ='选型表'!E10 | H9: API610 | K9: 风冷+隔热措施 | P9: 稀油润滑 | Q9: 304SS
A10: ='选型表'!A11 | B10: 3100-P-4123A/B | E10: ='选型表'!E11 | H10: API610 | P10: 稀油润滑 | Q10: 304SS
A11: ='选型表'!A12 | B11: 3100-P-4133A/B | E11: ='选型表'!E12 | H11: API610 | P11: 稀油润滑 | Q11: 304SS
A12: ='选型表'!A13 | B12: 3100-P-4134 | E12: ='选型表'!E13 | H12: API610 | K12: 风冷+隔热措施 | P12: 稀油润滑 | Q12: 304SS
A13: ='选型表'!A14 | B13: 3100-P-8121A/B | E13: ='选型表'!E14 | H13: API610 | P13: 稀油润滑 | Q13: 304SS | S13: 按API682
A14: ='选型表'!A15 | B14: 3100-P-8151AB | E14: ='选型表'!E15 | K14: 风冷+隔热措施 | P14: 稀油润滑 | Q14: 304SS | S14: 按API682
A15: ='选型表'!A16 | B15: 3100-P-8171 | E15: ='选型表'!E16 | H15: API610 | P15: 稀油润滑 | Q15: 304SS
A16: ='选型表'!A17 | B16: 3100-P-3233A/B | E16: ='选型表'!E17 | H16: API610 | P16: 稀油润滑 | Q16: 304SS | U16: 1. 所有与买方接口均为法兰连接，法兰标准ASME B16.5/ASME B16.47B。 2. 要求噪声在距离泵1米处不超过85dB(A)。 3. 所有接口的非标配对法兰、法兰垫片及紧固件；全部的地脚螺栓、螺母及垫片。 4. 接管的参数为工艺管路参数。 5. 选型需在最高流量下满足扬程要求。 6. 管口承受的力和力矩按API610标准中数值2倍执行。 7. 泵体排液/气采用阀门加法兰型式，其材料等级、压力等级不低于泵体等级。 8. NPSHa计算以泵底板为基准。 9. PLAN22提供双过滤器及差压变送器，过滤器可以在线切换。
A17: ='选型表'!A18 | B17: 3100-P-3243A/B | E17: ='选型表'!E18 | H17: API610 | P17: 稀油润滑 | Q17: 304SS | U17: 1. 所有与买方接口均为法兰连接，法兰标准ASME B16.5/ASME B16.47B。 2. 要求噪声在距离泵1米处不超过85dB(A)。 3. 所有接口的非标配对法兰、法兰垫片及紧固件；全部的地脚螺栓、螺母及垫片。 4. 接管的参数为工艺管路参数。 5. 选型需在最高流量下满足扬程要求。 6. 管口承受的力和力矩按API610标准中数值2倍执行。 7. 泵体排液/气采用阀门加法兰型式，其材料等级、压力等级不低于泵体等级。 8. NPSHa计算以泵底板为基准。 9. PLAN22提供双过滤器及差压变送器，过滤器可以在线切换。 10. 存在辛烯工况和丁烯工况，选型应满足最苛刻工况，同时需兼顾另外一种工况。
A18: ='选型表'!A20 | B18: 3100-P-4212A/B | E18: ='选型表'!E20 | H18: API610 | P18: 稀油润滑 | Q18: 304SS | U18: 1. 所有与买方接口均为法兰连接，法兰标准ASME B16.5/ASME B16.47B。 2. 要求噪声在距离泵1米处不超过85dB(A)。 3. 所有接口的非标配对法兰、法兰垫片及紧固件；全部的地脚螺栓、螺母及垫片。 4. 接管的参数为工艺管路参数。 5. 选型需在最高流量下满足扬程要求。 6. 管口承受的力和力矩按API610标准中数值2倍执行。 7. 泵体排液/气采用阀门加法兰型式，其材料等级、压力等级不低于泵体等级。 8. NPSHa计算以泵底板为基准。 9. PLAN22提供双过滤器及差压变送器，过滤器可以在线切换。
A19: ='选型表'!A21 | B19: 3100-P-4213A/B | E19: ='选型表'!E21 | H19: API610 | K19: 风冷+隔热措施 | P19: 稀油润滑 | Q19: 304SS | U19: 1. 所有与买方接口均为法兰连接，法兰标准ASME B16.5/ASME B16.47B。 2. 要求噪声在距离泵1米处不超过85dB(A)。 3. 所有接口的非标配对法兰、法兰垫片及紧固件；全部的地脚螺栓、螺母及垫片。 4. 接管的参数为工艺管路参数。 5. 选型需在最高流量下满足扬程要求。 6. 管口承受的力和力矩按API610标准中数值2倍执行。 7. 泵体排液/气采用阀门加法兰型式，其材料等级、压力等级不低于泵体等级。 8. NPSHa计算以泵底板为基准。 9. PLAN22提供双过滤器及差压变送器，过滤器可以在线切换。
A20: ='选型表'!A22 | B20: 3100-P-4223A/B | E20: ='选型表'!E22 | H20: API610 | P20: 稀油润滑 | Q20: 304SS
A21: ='选型表'!A23 | B21: 3100-P-4233A/B | E21: ='选型表'!E23 | H21: API610 | P21: 稀油润滑 | Q21: 304SS | U21: 1. 所有与买方接口均为法兰连接，法兰标准ASME B16.5/ASME B16.47B。 2. 要求噪声在距离泵1米处不超过85dB(A)。 3. 所有接口的非标配对法兰、法兰垫片及紧固件；全部的地脚螺栓、螺母及垫片。 4. 接管的参数为工艺管路参数。 5. 选型需在最高流量下满足扬程要求。 6. 管口承受的力和力矩按API610标准中数值2倍执行。 7. 泵体排液/气采用阀门加法兰型式，其材料等级、压力等级不低于泵体等级。 8. NPSHa计算以泵底板为基准。 9. PLAN12提供双过滤器及差压变送器，过滤器可以在线切换。 10. 存在辛烯工况和丁烯工况，选型应满足最苛刻工况，同时需兼顾另外一种工况。
A22: ='选型表'!A25 | B22: 3100-P-4234 | E22: ='选型表'!E25 | H22: API610 | K22: 风冷+隔热措施 | P22: 稀油润滑 | Q22: 304SS | S22: 按API682 | U22: 所有与买方接口均为法兰连接，法兰标准ASME B16.5/ASME B16.47B；要求噪声在距离泵1米处不超过85dB(A)；所有接口的非标配对法兰、法兰垫片及紧固件，全部的地脚螺栓、螺母及垫片由卖方提供；接管参数为工艺管路参数；选型需在最高流量下满足扬程要求；管口承受的力和力矩按API610标准中数值2倍执行；泵体排液/气采用阀门加法兰型式，其材料等级、压力等级不低于泵体等级；NPSHa计算以泵底板为基准；PLAN12提供双过滤器及差压变送器，过滤器可以在线切换；存在辛烯工况和丁烯工况，选型应满足最苛刻工况，同时需兼顾另外一种工况；立式泵。
A23: ='选型表'!A27 | B23: 3100-P-8221A/B | E23: ='选型表'!E27 | H23: API610 | P23: 稀油润滑 | Q23: 304SS | U23: 所有与买方接口均为法兰连接，法兰标准ASME B16.5/ASME B16.47B；要求噪声在距离泵1米处不超过85dB(A)；所有接口的非标配对法兰、法兰垫片及紧固件由卖方供货；全部地脚螺栓、螺母及垫片由卖方供货；接管参数为工艺管路参数；选型需在最高流量下满足扬程要求；管口承受的力和力矩按API610标准中数值2倍执行；泵体排液/气采用阀门加法兰型式，材料等级和压力等级不低于泵体等级；NPSHa计算以泵底板为基准。
A24: ='选型表'!A28 | B24: 3100-P-8301A/B | E24: ='选型表'!E28 | H24: API610 | P24: 稀油润滑 | Q24: 304SS
A25: ='选型表'!A29 | B25: 3100-P-8302A/B | E25: ='选型表'!E29 | H25: API610 | K25: 风冷+隔热措施 | P25: 稀油润滑 | Q25: 304SS | S25: 按API682 | U25: 所有与买方接口均为法兰连接，法兰标准ASME B16.5/ASME B16.47B；要求噪声在距离泵1米处不超过85dB(A)；所有接口的非标配对法兰、法兰垫片及紧固件，全部的地脚螺栓、螺母及垫片由卖方供货；接管参数为工艺管路参数；选型需在最高流量下满足扬程要求；管口承受的力和力矩按API610标准中数值2倍执行；泵体排液/气采用阀门加法兰型式，其材料等级、压力等级不低于泵体等级；NPSHa计算以泵底板为基准；存在辛烯工况和丁烯工况，选型应满足最苛刻工况，同时需兼顾另外一种工况。
A26: ='选型表'!A31 | B26: 3100-P-8303A/B/C | E26: ='选型表'!E31 | H26: API610 | P26: 稀油润滑 | Q26: 304SS

Sheet 通用要求
A1: 通用要求： | D1: 合同号： | E1: ='选型表'!E2 | F1: 采购单位： | G1: ='选型表'!D3 | L1: 评审人： | M1: ='选型表'!AC3 | N1: 日期： | O1: ='选型表'!AC5 | Q1: 此页要求查询涂黄处信息
A2: 序号 | B2: 项目 | C2: 要 求
A3: 1 | B3: 轴承 | C3: 轴承供应商：
A4: 2 | B4: 联轴器、联轴器罩 | C4: 联轴器供应商： | J4: 备注：详见《联轴器采购单》
C5: 联轴器型式： | D5: 加长节无润滑的挠性膜片联轴器
C6: 联轴器罩型式： | D6: 宜带盘车开门结构
A7: 3 | B7: 电机 | C7: 电机供应商： | J7: 备注：
A8: 4 | B8: 密封 | C8: （国产）供应商： | J8: 备注： 详见《密封采购单》
C9: （进口）供应商：
B10: 辅助系统 | C10: （国产）供应商： | J10: 备注：
C11: （进口）供应商：
A12: 5 | B12: 底座 | C12: 型式： | D12: ●焊 接 | J12: 备注：地脚接地耳（底座每侧各1个）。
C13: 执行标准：
A14: 6 | B14: 检查及 试验 | C14: 性能实验：
C15: 运转实验：
C16: 汽蚀实验： | J16: 备注：
C17: 水压实验：
C18: 平衡实验： | D18: 如有规定,应进行高速动平衡试验。
C19: 拆解检查： | J19: 备注：
C20: 噪声要求： | D20: 要求噪声在距离泵1米处不超过85dB(A)。
C21: 振动要求：
C22: 轴承温升：
C23: 材料试验证书
C24: 铸件的无损检查：
C25: 焊缝的无损检查： | D25: 所有辅助管线的焊接,包括任何密封焊,应进行磁粉探伤或液体着色探伤检查。如果可行应进行X 射线探伤检查以保证承插焊连接装备正确和NPT 连接的密封焊的螺纹啮合正确。
C26: 备注：所有报告及证书必须填写本合同号及具体零部件名称（如：泵体、泵盖、叶轮、轴等）；
A27: 7 | B27: 供货范围 | C27: 泵; 驱动机; 联轴器及护罩; 皮带轮及护罩; 润滑系统; 地脚螺栓; 底座; 辅助管路系统; 变频器; 仪表盘、柜; 电气盘、柜; 监控仪表; 随机配件(附清单); 两年操作备件(附清单); 变速器(如果需要); 专用工具(如有); 与买方连接的配对法兰、螺栓、螺母、垫片; 检验和试验合格证; 安装、使用说明书; 安装图纸等
C28: 随机备件：
C29: 两年备件：
A30: 8 | B30: 随机文件 | C30: 检验和试验合格证；安装、使用说明书；安装图纸等。装箱资料应至少包括：装箱单(应标明装置的附件、备件)；出厂试验报告；合格证；使用说明书。
A31: 9 | B31: 涂漆要求 | C31: 1. 用铸铁、碳钢和合金钢制成的设备如泵、压缩机、电动机、电器设备、成套设备、控制盘、仪表等应根据相关标准的要求在卖方的车间进行涂漆。如果采用卖方的涂漆规定，卖方的涂漆规定应提交给买方确认。 2. 对散件供货的碳钢管道及管件应在出厂前至少进行外表面底漆喷涂及进行相关防护。 3. 卖方应提供至少5年的涂漆保护担保。 4. 涂漆表面的最终颜色应根据买方的要求完成（面漆色标按买方要求）。 5. 将要进行保温或保冷的设备、容器、储罐、管线等，不论在底板上组装完后发运，还是散件供货发运，都应根据涂漆工程规定在卖方的车间进行表面预处理并涂以底漆。 6. 动设备及成套供货的集成单元：表面处理、底漆、中间漆、面漆均由制造厂完成。所有设备、管道和其他部件在涂漆前都必须进行表面处理，表面处理等级应至少达到Sa2.5级；当无法进行喷砂除锈时，可进行手工和动力工具除锈，级别应达到St3级。 7. 不锈钢如需要涂覆时，其涂料中氯离子的含量应小于30ppm。 | J31: 颜色：详见喷漆包装要求，对于客户提供独立的喷漆要求文件时，工程部需提取出各部件面漆颜色要求，其他喷漆要求（如漆膜厚度及表面要求）生产计划需要自行提取整理成喷漆计划。
A32: 10 | B32: 包装标准 | C32: 1. 包装应满足室外放置6个月以上的要求。 2. 关于转动设备和机器在运输、交付、短期和长期不工作下保存的详细步骤应在第一版文件中提供。保护转动设备和机器用润滑剂应能在不拆卸机器的情况下除去。 | J32: 其他要求：
A33: 11 | B33: 发货方式 | C33: ○用户自提 ●我公司发货
A34: 12 | B34: 运输方式 | C34: ○铁路 ●公路 ○轮渡 ○航空 | J34: 备注：当使用集装箱运输时，一定注意其高度、宽度限制，必须预留装箱尺寸。

Sheet 仪表要求
A3: 计划号 | C3: ='选型表'!J2 | R3: 此页要求查询涂黄处仪表信息
A4: 仪表用户要求
A5: 序号 | B5: 外购件种类 | C5: 品牌 | D5: 材质（客户有要求时填写） | E5: 螺纹连接/法兰连接（客户有要求时填写） | F5: 接口规格（客户有要求时填写） | G5: 量程（客户有要求时填写） | H5: 仪表类 | Q5: 备注
H6: 就地显示仪表 | L6: 远传仪表
H7: 表盘直径mm | I7: 仪表精度等级 | J7: 双金属温度计（客户有要求时填写） | K7: 万向/径向（客户有要求时填写） | L7: 几线制 | M7: 信号类型 | N7: 防爆/防护等级 | O7: 显示表头 | P7: 报警值/停车值
A8: 1 | B8: 耐震型压力表 | D8: 316SS不锈钢 | H8: 100 | I8: 1.6
A9: 2 | B9: 温度表 | H9: 100 | I9: 1.5 | J9: 带外保护套管的万向型双金属温度计 | K9: 万向型
A10: 3 | B10: PT100 | L10: 3
A11: 4 | B11: 远传仪表 | L11: 2 | M11: 4~20mA DC 叠加HART 协议通信信号
A12: 成套单元厂商应负责提供与设计、安装、维护和开停车等相关的所有成套仪表系统文件，所有文件、手册应采用简体中文和/或英文，所有认证、证书复印件、检验和测试报告应提交业主；厂商文件包(VDB)中应包括最终版对应每种供货仪表类型的仪表数据表、计算书、尺寸图、产品技术样本、操作&维修手册等文件。卖方应提供所有仪表的外形尺寸图和计算书等，并提供仪表安装要求；卖方应提供供电和供气消耗清单，并在仪表索引表的power supply列中标出各电磁阀的功率和供电电压；成套厂商有责任提供所有SIF研究需要的相关文件。有API防火要求或SIL认证的阀门必须提供相应的证书；有SIL要求的阀门由阀门厂商出具SIL证书或安全手册；储气罐必须符合我国有关压力容器制造管理规定，并提供相关证书以便办理相关的压力容器使用许可证。卖方应提供有关安全阀的下列数据和资料：规格书(至少应包含型号、数据表、定压数据及计算书)、外形尺寸图及装配结构图、型号和管线支撑位置、冲击载荷、安全阀弹簧按照TSG21-2016标准7.2.3.1.3.3章节的相关证明材料、检验试验报告、产品合格证。材料应至少包括：标定报告、仪表防护认证、仪表防爆认证。安装使用维护说明书、型式试验或出厂试验报告、产品合格证、防爆合格证。
A13: 所有仪表应能满足当地的环境因素要求，如环境温度、大气压、湿度、腐蚀性等；厂区气象条件、工程地质条件、水文地质条件、大件运输条件、总平面及界区定义图等参见项目12088-0000-00-SPC-1002《设计基础数据》或可研总报告中内容。户外环境：极端最低温度-10.9°C，极端最高温度39.6°C，年平均相对湿度77.6%。室内正常环境：温度18~27°C，相对湿度35%~75%；空调故障异常环境：温度0~45°C，相对湿度20%~95%，连续运行72小时；室内安装设备的腐蚀环境等级应满足GB/T17214.4-2005/IEC60654-4:1987 Class 2。所有露天安装、户外安装的现场仪表设备应适用于冬季低温和腐蚀性环境；所有露天安装、户外安装的电子仪表设备的外壳防护等级最低要求为IP66，执行标准GB4208-2008/IEC60529；室内安装的仪表、系统机柜等设备的最低外壳防护等级要求为IP44；室外仪表盘(柜)最低外壳防护等级要求为IP66(没有IP66等级的应至少满足IP65要求并经过业主许可)；所有露天安装的电子仪表和接线箱应配设挡雨遮阳罩；所有电子仪表的印刷集成电路板应具有防潮和耐环境腐蚀措施；所有室内安装的仪表设备应能够承受室外环境湿度条件。就地仪表防护等级应优先选用IP65，至少满足IP55的防护等级，选用低于IP65等级的须经业主批准。

Sheet 辅助系统采购单
A1: 供应商： | K1: 合同号： | S1: 询价/采购申请单号：
A2: 采购单位 | K2: 辅助系统询价/采购申请单 P-01.03-P | S2: 所属地区 | W2: 填表人 | AB2: 此页要求查询涂黄处密封辅助系统信息
A3: 项目名称/ 装置名称 | S3: 联 系 人 | W3: 日 期
A4: 由技术/工程部填写 | U4: 由供应商填写（按先后顺序以/分割） | Z4: 由供应填写
A5: 分号 | B5: 设备位号 | C5: 泵 型 号 | E5: 泵台数 | F5: 介质名称 | G5: ='选型表'!G6 | H5: 温度(℃) | I5: ='选型表'!K6 | K5: 密封冲洗方案 (API610) | L5: 冷却 /保温方案 | M5: 泵过流部件材质 | N5: 密封腔压力(MpaG)/泵中心高（mm） | O5: 辅助系统供货要求 | U5: 辅助系统 | Z5: 实际交货日期 | AA5: 发票情况
I7: 入口 | J7: 出口 | O7: 热虹吸罐(R/L型)/蓄能器 | P7: 测量 元件 | Q7: 压力报警 | R7: 液位报警 | S7: 换热器 | T7: 悬液分离器/过滤器 | U7: 型号 | V7: 材质 | W7: 单价 | X7: 总价 | Y7: 合计
A8: ='选型表'!A8 | B8: ='选型表'!C8 | E8: ='选型表'!E8 | F8: ='选型表'!F8 | G8: ='选型表'!G8 | H8: ='选型表'!H8 | I8: ='选型表'!K8 | J8: ='选型表'!L8 | K8: ='选型表'!Z8 | L8: ='选型表'!AA8 | M8: ='选型表'!Y8 | N8: =CEILING((J8-I8)/5,0.01)&"/300"
A9: ='选型表'!A9 | B9: ='选型表'!C9 | E9: ='选型表'!E9 | F9: ='选型表'!F9 | G9: ='选型表'!G9 | H9: ='选型表'!H9 | I9: ='选型表'!K9 | J9: ='选型表'!L9 | K9: ='选型表'!Z9 | L9: ='选型表'!AA9 | M9: ='选型表'!Y9 | N9: =CEILING((J9-I9)/5,0.01)&"/300"
A10: ='选型表'!A10 | B10: ='选型表'!C10 | E10: ='选型表'!E10 | F10: ='选型表'!F10 | G10: ='选型表'!G10 | H10: ='选型表'!H10 | I10: ='选型表'!K10 | J10: ='选型表'!L10 | K10: ='选型表'!Z10 | L10: ='选型表'!AA10 | M10: ='选型表'!Y10 | N10: =CEILING((J10-I10)/5,0.01)&"/300"
A11: ='选型表'!A11 | B11: ='选型表'!C11 | E11: ='选型表'!E11 | F11: ='选型表'!F11 | G11: ='选型表'!G11 | H11: ='选型表'!H11 | I11: ='选型表'!K11 | J11: ='选型表'!L11 | K11: ='选型表'!Z11 | L11: ='选型表'!AA11 | M11: ='选型表'!Y11 | N11: =CEILING((J11-I11)/5,0.01)&"/300"
A12: ='选型表'!A12 | B12: ='选型表'!C12 | E12: ='选型表'!E12 | F12: ='选型表'!F12 | G12: ='选型表'!G12 | H12: ='选型表'!H12 | I12: ='选型表'!K12 | J12: ='选型表'!L12 | K12: ='选型表'!Z12 | L12: ='选型表'!AA12 | M12: ='选型表'!Y12 | N12: =CEILING((J12-I12)/5,0.01)&"/300"
A13: ='选型表'!A13 | B13: ='选型表'!C13 | E13: ='选型表'!E13 | F13: ='选型表'!F13 | G13: ='选型表'!G13 | H13: ='选型表'!H13 | I13: ='选型表'!K13 | J13: ='选型表'!L13 | K13: ='选型表'!Z13 | L13: ='选型表'!AA13 | M13: ='选型表'!Y13 | N13: =CEILING((J13-I13)/5,0.01)&"/300"
A14: ='选型表'!A14 | B14: ='选型表'!C14 | E14: ='选型表'!E14 | F14: ='选型表'!F14 | G14: ='选型表'!G14 | H14: ='选型表'!H14 | I14: ='选型表'!K14 | J14: ='选型表'!L14 | K14: ='选型表'!Z14 | L14: ='选型表'!AA14 | M14: ='选型表'!Y14 | N14: =CEILING((J14-I14)/5,0.01)&"/300"
A15: ='选型表'!A15 | B15: ='选型表'!C15 | E15: ='选型表'!E15 | F15: ='选型表'!F15 | G15: ='选型表'!G15 | H15: ='选型表'!H15 | I15: ='选型表'!K15 | J15: ='选型表'!L15 | K15: ='选型表'!Z15 | L15: ='选型表'!AA15 | M15: ='选型表'!Y15 | N15: =CEILING((J15-I15)/5,0.01)&"/300"
A16: ='选型表'!A16 | B16: ='选型表'!C16 | E16: ='选型表'!E16 | F16: ='选型表'!F16 | G16: ='选型表'!G16 | H16: ='选型表'!H16 | I16: ='选型表'!K16 | J16: ='选型表'!L16 | K16: ='选型表'!Z16 | L16: ='选型表'!AA16 | M16: ='选型表'!Y16 | N16: =CEILING((J16-I16)/5,0.01)&"/300"
A17: ='选型表'!A17 | B17: ='选型表'!C17 | E17: ='选型表'!E17 | F17: ='选型表'!F17 | G17: ='选型表'!G17 | H17: ='选型表'!H17 | I17: ='选型表'!K17 | J17: ='选型表'!L17 | K17: ='选型表'!Z17 | L17: ='选型表'!AA17 | M17: ='选型表'!Y17 | N17: =CEILING((J17-I17)/5,0.01)&"/300"
A18: ='选型表'!A18 | B18: ='选型表'!C18 | E18: ='选型表'!E18 | F18: ='选型表'!F18 | G18: ='选型表'!G18 | H18: ='选型表'!H18 | I18: ='选型表'!K18 | J18: ='选型表'!L18 | K18: ='选型表'!Z18 | L18: ='选型表'!AA18 | M18: ='选型表'!Y18 | N18: =CEILING((J18-I18)/5,0.01)&"/300"
A19: ='选型表'!A20 | B19: ='选型表'!C20 | E19: ='选型表'!E20 | F19: ='选型表'!F20 | G19: ='选型表'!G20 | H19: ='选型表'!H20 | I19: ='选型表'!K20 | J19: ='选型表'!L20 | K19: ='选型表'!Z20 | L19: ='选型表'!AA20 | M19: ='选型表'!Y20 | N19: =CEILING((J19-I19)/5,0.01)&"/300"
A20: ='选型表'!A21 | B20: ='选型表'!C21 | E20: ='选型表'!E21 | F20: ='选型表'!F21 | G20: ='选型表'!G21 | H20: ='选型表'!H21 | I20: ='选型表'!K21 | J20: ='选型表'!L21 | K20: ='选型表'!Z21 | L20: ='选型表'!AA21 | M20: ='选型表'!Y21 | N20: =CEILING((J20-I20)/5,0.01)&"/300"
A21: ='选型表'!A22 | B21: ='选型表'!C22 | E21: ='选型表'!E22 | F21: ='选型表'!F22 | G21: ='选型表'!G22 | H21: ='选型表'!H22 | I21: ='选型表'!K22 | J21: ='选型表'!L22 | K21: ='选型表'!Z22 | L21: ='选型表'!AA22 | M21: ='选型表'!Y22 | N21: =CEILING((J21-I21)/5,0.01)&"/300"
A22: ='选型表'!A23 | B22: ='选型表'!C23 | E22: ='选型表'!E23 | F22: ='选型表'!F23 | G22: ='选型表'!G23 | H22: ='选型表'!H23 | I22: ='选型表'!K23 | J22: ='选型表'!L23 | K22: ='选型表'!Z23 | L22: ='选型表'!AA23 | M22: ='选型表'!Y23 | N22: =CEILING((J22-I22)/5,0.01)&"/300"
A23: ='选型表'!A25 | B23: ='选型表'!C25 | E23: ='选型表'!E25 | F23: ='选型表'!F25 | G23: ='选型表'!G25 | H23: ='选型表'!H25 | I23: ='选型表'!K25 | J23: ='选型表'!L25 | K23: ='选型表'!Z25 | L23: ='选型表'!AA25 | M23: ='选型表'!Y25 | N23: =CEILING((J23-I23)/5,0.01)&"/300"
A24: ='选型表'!A27 | B24: ='选型表'!C27 | E24: ='选型表'!E27 | F24: ='选型表'!F27 | G24: ='选型表'!G27 | H24: ='选型表'!H27 | I24: ='选型表'!K27 | J24: ='选型表'!L27 | K24: ='选型表'!Z27 | L24: ='选型表'!AA27 | M24: ='选型表'!Y27 | N24: =CEILING((J24-I24)/5,0.01)&"/300"
A25: ='选型表'!A28 | B25: ='选型表'!C28 | E25: ='选型表'!E28 | F25: ='选型表'!F28 | G25: ='选型表'!G28 | H25: ='选型表'!H28 | I25: ='选型表'!K28 | J25: ='选型表'!L28 | K25: ='选型表'!Z28 | L25: ='选型表'!AA28 | M25: ='选型表'!Y28 | N25: =CEILING((J25-I25)/5,0.01)&"/300"
A26: ='选型表'!A29 | B26: ='选型表'!C29 | E26: ='选型表'!E29 | F26: ='选型表'!F29 | G26: ='选型表'!G29 | H26: ='选型表'!H29 | I26: ='选型表'!K29 | J26: ='选型表'!L29 | K26: ='选型表'!Z29 | L26: ='选型表'!AA29 | M26: ='选型表'!Y29 | N26: =CEILING((J26-I26)/5,0.01)&"/300"
A27: ='选型表'!A31 | B27: ='选型表'!C31 | E27: ='选型表'!E31 | F27: ='选型表'!F31 | G27: ='选型表'!G31 | H27: ='选型表'!H31 | I27: ='选型表'!K31 | J27: ='选型表'!L31 | K27: ='选型表'!Z31 | L27: ='选型表'!AA31 | M27: ='选型表'!Y31 | N27: =CEILING((J27-I27)/5,0.01)&"/300"
D28: 总计 | E28: =SUM(E8:E15)
A30: 此表（及其附件）经供需双方签字盖章确认后与合同具有同等法律效力，可以不再另行签订合同。 | I30: 交货时间： | N30: 公用工程条件：无明确具体参数要求；配套法兰标准/压力等级：压力等级不低于工艺、管道或设备压力等级；远传仪表要求：法兰差压变送器远传隔离密封装置的毛细管内径一般为1.1mm，材质为316，外覆PVC保护层，一般充硅油；就地仪表要求：带LCD现场指示表；机械密封辅助系统材质与配置：PLAN12/PLAN22提供双过滤器及差压变送器，过滤器可以在线切换；图纸/证书/检验报告等资料要求：无明确资料提交要求。
A32: 需方代表： | I32: 供方代表：
A33: 生产部： 采购部： 质量： 技术：

Sheet 密封采购单
A1: 供应商： | I1: 合同号： | K1: ='选型表'!E2 | M1: 询价/采购申请单号： | AD1: 此页要求查询涂黄处机械密封信息
A2: 采购单位 | C2: ='选型表'!D3 | L2: 密封询价/采购申请单 | V2: 所属地区 | W2: ='选型表'!Y3 | Y2: 填 表 人 | AB2: ='选型表'!AC3
A3: 项目名称/ 装置名称 | C3: ='选型表'!D5 | V3: 联 系 人 | W3: ='选型表'!Y5 | Y3: 日 期 | AB3: ='选型表'!AC5
A4: 由技术/工程部填写 | W4: 由密封供应商填写 | AB4: 供应填写
A5: 分号 | B5: 设备位号 | C5: 泵 型 号 | E5: 泵台数 | F5: 介质 | O5: 密封参考 型号（轴承架号或轴径） | P5: 密封 编码 (API610) | Q5: 是否 集装 | R5: 过流部件材质 | S5: 密封冲洗 方案 PLAN | T5: 冷却 /保温方案 | U5: 甲方编码 | V5: 备 件 | W5: 机械密封 | AB5: 实际到货日期 | AC5: 发票 情况
F6: 介质名称 | G6: ='选型表'!G6 | H6: 温度 ℃ | I6: ='选型表'!K6 | K6: ='选型表'!J6 | L6: ='选型表'!I6 | M6: ='选型表'!T6 | N6: 颗粒 情况 | W6: 型号 | X6: 密封编码 （API610） | Y6: 单价 | AA6: 总价
I7: 入口 | J7: 出口
A8: ='选型表'!A8 | B8: ='选型表'!C8 | E8: ='选型表'!E8 | F8: ='选型表'!F8 | G8: ='选型表'!G8 | H8: ='选型表'!H8 | I8: ='选型表'!K8 | J8: ='选型表'!L8 | K8: ='选型表'!J8 | L8: ='选型表'!I8 | M8: ='选型表'!T8 | R8: ='选型表'!Y8 | S8: ='选型表'!Z8 | T8: ='选型表'!AA8 | V8: 两年操作备件(附清单)
A9: ='选型表'!A9 | B9: ='选型表'!C9 | E9: ='选型表'!E9 | F9: ='选型表'!F9 | G9: ='选型表'!G9 | H9: ='选型表'!H9 | I9: ='选型表'!K9 | J9: ='选型表'!L9 | K9: ='选型表'!J9 | L9: ='选型表'!I9 | M9: ='选型表'!T9 | R9: ='选型表'!Y9 | S9: ='选型表'!Z9 | T9: ='选型表'!AA9
A10: ='选型表'!A10 | B10: ='选型表'!C10 | E10: ='选型表'!E10 | F10: ='选型表'!F10 | G10: ='选型表'!G10 | H10: ='选型表'!H10 | I10: ='选型表'!K10 | J10: ='选型表'!L10 | K10: ='选型表'!J10 | L10: ='选型表'!I10 | M10: ='选型表'!T10 | R10: ='选型表'!Y10 | S10: ='选型表'!Z10 | T10: ='选型表'!AA10
A11: ='选型表'!A11 | B11: ='选型表'!C11 | E11: ='选型表'!E11 | F11: ='选型表'!F11 | G11: ='选型表'!G11 | H11: ='选型表'!H11 | I11: ='选型表'!K11 | J11: ='选型表'!L11 | K11: ='选型表'!J11 | L11: ='选型表'!I11 | M11: ='选型表'!T11 | R11: ='选型表'!Y11 | S11: ='选型表'!Z11 | T11: ='选型表'!AA11
A12: ='选型表'!A12 | B12: ='选型表'!C12 | E12: ='选型表'!E12 | F12: ='选型表'!F12 | G12: ='选型表'!G12 | H12: ='选型表'!H12 | I12: ='选型表'!K12 | J12: ='选型表'!L12 | K12: ='选型表'!J12 | L12: ='选型表'!I12 | M12: ='选型表'!T12 | R12: ='选型表'!Y12 | S12: ='选型表'!Z12 | T12: ='选型表'!AA12
A13: ='选型表'!A13 | B13: ='选型表'!C13 | E13: ='选型表'!E13 | F13: ='选型表'!F13 | G13: ='选型表'!G13 | H13: ='选型表'!H13 | I13: ='选型表'!K13 | J13: ='选型表'!L13 | K13: ='选型表'!J13 | L13: ='选型表'!I13 | M13: ='选型表'!T13 | R13: ='选型表'!Y13 | S13: ='选型表'!Z13 | T13: ='选型表'!AA13 | V13: 两年操作备件(附清单)
A14: ='选型表'!A14 | B14: ='选型表'!C14 | E14: ='选型表'!E14 | F14: ='选型表'!F14 | G14: ='选型表'!G14 | H14: ='选型表'!H14 | I14: ='选型表'!K14 | J14: ='选型表'!L14 | K14: ='选型表'!J14 | L14: ='选型表'!I14 | M14: ='选型表'!T14 | R14: ='选型表'!Y14 | S14: ='选型表'!Z14 | T14: ='选型表'!AA14
A15: ='选型表'!A15 | B15: ='选型表'!C15 | E15: ='选型表'!E15 | F15: ='选型表'!F15 | G15: ='选型表'!G15 | H15: ='选型表'!H15 | I15: ='选型表'!K15 | J15: ='选型表'!L15 | K15: ='选型表'!J15 | L15: ='选型表'!I15 | M15: ='选型表'!T15 | R15: ='选型表'!Y15 | S15: ='选型表'!Z15 | T15: ='选型表'!AA15
A16: ='选型表'!A16 | B16: ='选型表'!C16 | E16: ='选型表'!E16 | F16: ='选型表'!F16 | G16: ='选型表'!G16 | H16: ='选型表'!H16 | I16: ='选型表'!K16 | J16: ='选型表'!L16 | K16: ='选型表'!J16 | L16: ='选型表'!I16 | M16: ='选型表'!T16 | R16: ='选型表'!Y16 | S16: ='选型表'!Z16 | T16: ='选型表'!AA16
A17: ='选型表'!A17 | B17: ='选型表'!C17 | E17: ='选型表'!E17 | F17: ='选型表'!F17 | G17: ='选型表'!G17 | H17: ='选型表'!H17 | I17: ='选型表'!K17 | J17: ='选型表'!L17 | K17: ='选型表'!J17 | L17: ='选型表'!I17 | M17: ='选型表'!T17 | R17: ='选型表'!Y17 | S17: ='选型表'!Z17 | T17: ='选型表'!AA17 | V17: 两年操作备件(附清单)
A18: ='选型表'!A18 | B18: ='选型表'!C18 | E18: ='选型表'!E18 | F18: ='选型表'!F18 | G18: ='选型表'!G18 | H18: ='选型表'!H18 | I18: ='选型表'!K18 | J18: ='选型表'!L18 | K18: ='选型表'!J18 | L18: ='选型表'!I18 | M18: ='选型表'!T18 | R18: ='选型表'!Y18 | S18: ='选型表'!Z18 | T18: ='选型表'!AA18
A19: ='选型表'!A20 | B19: ='选型表'!C20 | E19: ='选型表'!E20 | F19: ='选型表'!F20 | G19: ='选型表'!G20 | H19: ='选型表'!H20 | I19: ='选型表'!K20 | J19: ='选型表'!L20 | K19: ='选型表'!J20 | L19: ='选型表'!I20 | M19: ='选型表'!T20 | R19: ='选型表'!Y20 | S19: ='选型表'!Z20 | T19: ='选型表'!AA20
A20: ='选型表'!A21 | B20: ='选型表'!C21 | E20: ='选型表'!E21 | F20: ='选型表'!F21 | G20: ='选型表'!G21 | H20: ='选型表'!H21 | I20: ='选型表'!K21 | J20: ='选型表'!L21 | K20: ='选型表'!J21 | L20: ='选型表'!I21 | M20: ='选型表'!T21 | R20: ='选型表'!Y21 | S20: ='选型表'!Z21 | T20: ='选型表'!AA21
A21: ='选型表'!A22 | B21: ='选型表'!C22 | E21: ='选型表'!E22 | F21: ='选型表'!F22 | G21: ='选型表'!G22 | H21: ='选型表'!H22 | I21: ='选型表'!K22 | J21: ='选型表'!L22 | K21: ='选型表'!J22 | L21: ='选型表'!I22 | M21: ='选型表'!T22 | R21: ='选型表'!Y22 | S21: ='选型表'!Z22 | T21: ='选型表'!AA22
A22: ='选型表'!A23 | B22: ='选型表'!C23 | E22: ='选型表'!E23 | F22: ='选型表'!F23 | G22: ='选型表'!G23 | H22: ='选型表'!H23 | I22: ='选型表'!K23 | J22: ='选型表'!L23 | K22: ='选型表'!J23 | L22: ='选型表'!I23 | M22: ='选型表'!T23 | R22: ='选型表'!Y23 | S22: ='选型表'!Z23 | T22: ='选型表'!AA23
A23: ='选型表'!A25 | B23: ='选型表'!C25 | E23: ='选型表'!E25 | F23: ='选型表'!F25 | G23: ='选型表'!G25 | H23: ='选型表'!H25 | I23: ='选型表'!K25 | J23: ='选型表'!L25 | K23: ='选型表'!J25 | L23: ='选型表'!I25 | M23: ='选型表'!T25 | R23: ='选型表'!Y25 | S23: ='选型表'!Z25 | T23: ='选型表'!AA25
A24: ='选型表'!A27 | B24: ='选型表'!C27 | E24: ='选型表'!E27 | F24: ='选型表'!F27 | G24: ='选型表'!G27 | H24: ='选型表'!H27 | I24: ='选型表'!K27 | J24: ='选型表'!L27 | K24: ='选型表'!J27 | L24: ='选型表'!I27 | M24: ='选型表'!T27 | R24: ='选型表'!Y27 | S24: ='选型表'!Z27 | T24: ='选型表'!AA27
A25: ='选型表'!A28 | B25: ='选型表'!C28 | E25: ='选型表'!E28 | F25: ='选型表'!F28 | G25: ='选型表'!G28 | H25: ='选型表'!H28 | I25: ='选型表'!K28 | J25: ='选型表'!L28 | K25: ='选型表'!J28 | L25: ='选型表'!I28 | M25: ='选型表'!T28 | R25: ='选型表'!Y28 | S25: ='选型表'!Z28 | T25: ='选型表'!AA28
A26: ='选型表'!A29 | B26: ='选型表'!C29 | E26: ='选型表'!E29 | F26: ='选型表'!F29 | G26: ='选型表'!G29 | H26: ='选型表'!H29 | I26: ='选型表'!K29 | J26: ='选型表'!L29 | K26: ='选型表'!J29 | L26: ='选型表'!I29 | M26: ='选型表'!T29 | R26: ='选型表'!Y29 | S26: ='选型表'!Z29 | T26: ='选型表'!AA29 | V26: 两年操作备件(附清单)
A27: ='选型表'!A31 | B27: ='选型表'!C31 | E27: ='选型表'!E31 | F27: ='选型表'!F31 | G27: ='选型表'!G31 | H27: ='选型表'!H31 | I27: ='选型表'!K31 | J27: ='选型表'!L31 | K27: ='选型表'!J31 | L27: ='选型表'!I31 | M27: ='选型表'!T31 | R27: ='选型表'!Y31 | S27: ='选型表'!Z31 | T27: ='选型表'!AA31
D28: 总计 | E28: 2 | F28: 技术联系人：
A30: 此表（及其附件）经供需双方签字盖章确认后与合同具有同等法律效力，可以不再另行签订合同。 | J30: 交货时间： | O30: 机械密封的外引冲洗液要采用稳定、洁净的、与介质相容且不会发生汽化的物料进行冲洗。轻烃类高危泵推荐采用符合API682-2004规定的无压面对背双密封(布置方式2)或有压双密封(布置方式3)；密封结构选择A型密封；对于输送高硫化氢含量介质的密封，辅助密封元件宜采用全氟醚橡胶；芳烃类介质密封圈材质推荐选用全氟醚橡胶。
A31: 需方代表： | J31: 供方代表：
A32: 生产部： 采购部： 质量： 技术：

Sheet 电机采购单
A3: 制造商： | G3: 合同号： | I3: ='封面'!E8 | L3: 询价/采购申请单号： | T3: 此页要求查询涂黄处电动机信息
A4: 采购单位 | I4: 电机询价/采购申请单 P-01.01-P | M4: 所属地区 | Q4: 评审人
A5: 项目名称/ 装置名称 | M5: 联 系 人 | Q5: 日 期
A6: 分号 | B6: 设备位号 | C6: 泵 型 号 | E6: 电机型号 | F6: 额定转速 | G6: 功率 | H6: 数量 | I6: 安装 型式B3/V1 | J6: 电压V/ 相数PH/ 频率Hz | K6: 防爆/防护/ 绝缘等级 | L6: 温升 等级 | M6: 轴承 厂家 | N6: 布线 方式 | O6: 安装位置 | P6: 单 价 | Q6: 总价 | R6: 发票 | S6: 高压电机旋转方向： 从电机轴伸端看电机
F7: rpm | G7: (kW) | P7: (元) | Q7: (元) | R7: 情况
A8: ='选型表'!A8 | B8: ='选型表'!C8 | E8: ='选型表'!AB8 | F8: ='选型表'!T8 | G8: ='选型表'!AC8 | H8: ='选型表'!E8 | J8: 10kV (容量大于160kW) | K8: IP55 | L8: 按B级考核
A9: ='选型表'!A9 | B9: ='选型表'!C9 | E9: ='选型表'!AB9 | F9: ='选型表'!T9 | G9: ='选型表'!AC9 | H9: ='选型表'!E9 | K9: IP55 | L9: 按B级考核
A10: ='选型表'!A10 | B10: ='选型表'!C10 | E10: ='选型表'!AB10 | F10: ='选型表'!T10 | G10: ='选型表'!AC10 | H10: ='选型表'!E10 | K10: IP55 | L10: 按B级考核 | N10: 电动机定子绕组应埋置6 个Pt100 铂热电阻(单支三线制),每相2 个,并设独立的测温接线盒,测温接线盒与主接线盒同方向。
A11: ='选型表'!A11 | B11: ='选型表'!C11 | E11: ='选型表'!AB11 | F11: ='选型表'!T11 | G11: ='选型表'!AC11 | H11: ='选型表'!E11 | J11: 380V/3PH/50Hz | K11: IP55 | L11: 按B级考核
A12: ='选型表'!A12 | B12: ='选型表'!C12 | E12: ='选型表'!AB12 | F12: ='选型表'!T12 | G12: ='选型表'!AC12 | H12: ='选型表'!E12 | K12: IP55 | L12: 按B级考核 | N12: 电动机定子绕组应埋置6 个Pt100 铂热电阻(单支三线制),每相2 个,并设独立的测温接线盒,测温接线盒与主接线盒同方向。
A13: ='选型表'!A13 | B13: ='选型表'!C13 | E13: ='选型表'!AB13 | F13: ='选型表'!T13 | G13: ='选型表'!AC13 | H13: ='选型表'!E13 | J13: 10kV (容量大于160kW) | K13: IP55 | L13: 按B级考核
A14: ='选型表'!A14 | B14: ='选型表'!C14 | E14: ='选型表'!AB14 | F14: ='选型表'!T14 | G14: ='选型表'!AC14 | H14: ='选型表'!E14 | K14: IP55 | L14: 按B级考核 | N14: 电动机定子绕组应埋置6 个Pt100 铂热电阻(单支三线制),每相2 个,并设独立的测温接线盒,测温接线盒与主接线盒同方向。
A15: ='选型表'!A15 | B15: ='选型表'!C15 | E15: ='选型表'!AB15 | F15: ='选型表'!T15 | G15: ='选型表'!AC15 | H15: ='选型表'!E15 | K15: IP55 | L15: 按B级考核 | N15: 电动机定子绕组应埋置6 个Pt100 铂热电阻(单支三线制),每相2 个,并设独立的测温接线盒,测温接线盒与主接线盒同方向。
A16: ='选型表'!A16 | B16: ='选型表'!C16 | E16: ='选型表'!AB16 | F16: ='选型表'!T16 | G16: ='选型表'!AC16 | H16: ='选型表'!E16 | J16: 10kV (容量大于160kW) | K16: IP55 | L16: 按B级考核 | N16: 电动机定子绕组应埋置6 个Pt100 铂热电阻(单支三线制),每相2 个,并设独立的测温接线盒,测温接线盒与主接线盒同方向。
A17: ='选型表'!A17 | B17: ='选型表'!C17 | E17: ='选型表'!AB17 | F17: ='选型表'!T17 | G17: ='选型表'!AC17 | H17: ='选型表'!E17 | J17: 380V/3PH/50Hz | K17: IP55 | L17: 按B级考核
A18: ='选型表'!A18 | B18: ='选型表'!C18 | E18: ='选型表'!AB18 | F18: ='选型表'!T18 | G18: ='选型表'!AC18 | H18: ='选型表'!E18 | J18: 10kV (容量大于160kW) | K18: IP55 | L18: 按B级考核
A19: ='选型表'!A20 | B19: ='选型表'!C20 | E19: ='选型表'!AB20 | F19: ='选型表'!T20 | G19: ='选型表'!AC20 | H19: ='选型表'!E20 | J19: 10kV (容量大于160kW) | K19: IP55 | L19: 按B级考核 | N19: 电动机定子绕组应埋置6 个Pt100 铂热电阻(单支三线制),每相2 个,并设独立的测温接线盒,测温接线盒与主接线盒同方向。
A20: ='选型表'!A21 | B20: ='选型表'!C21 | E20: ='选型表'!AB21 | F20: ='选型表'!T21 | G20: ='选型表'!AC21 | H20: ='选型表'!E21 | K20: IP55 | L20: 按B级考核
A21: ='选型表'!A22 | B21: ='选型表'!C22 | E21: ='选型表'!AB22 | F21: ='选型表'!T22 | G21: ='选型表'!AC22 | H21: ='选型表'!E22 | J21: 10kV (容量大于160kW) | K21: IP55 | L21: 按B级考核
A22: ='选型表'!A23 | B22: ='选型表'!C23 | E22: ='选型表'!AB23 | F22: ='选型表'!T23 | G22: ='选型表'!AC23 | H22: ='选型表'!E23 | J22: 10kV (容量大于160kW) | K22: IP55 | L22: 按B级考核
A23: ='选型表'!A25 | B23: ='选型表'!C25 | E23: ='选型表'!AB25 | F23: ='选型表'!T25 | G23: ='选型表'!AC25 | H23: ='选型表'!E25 | J23: 10kV (容量大于160kW) | K23: IP55 | L23: 按B级考核
A24: ='选型表'!A27 | B24: ='选型表'!C27 | E24: ='选型表'!AB27 | F24: ='选型表'!T27 | G24: ='选型表'!AC27 | H24: ='选型表'!E27 | K24: IP55 | L24: 按B级考核
A25: ='选型表'!A28 | B25: ='选型表'!C28 | E25: ='选型表'!AB28 | F25: ='选型表'!T28 | G25: ='选型表'!AC28 | H25: ='选型表'!E28 | K25: IP55 | L25: 按B级考核 | N25: 电动机定子绕组应埋置6 个Pt100 铂热电阻(单支三线制),每相2 个,并设独立的测温接线盒,测温接线盒与主接线盒同方向。
A26: ='选型表'!A29 | B26: ='选型表'!C29 | E26: ='选型表'!AB29 | F26: ='选型表'!T29 | G26: ='选型表'!AC29 | H26: ='选型表'!E29 | K26: IP55 | L26: 按B级考核
A27: ='选型表'!A31 | B27: ='选型表'!C31 | E27: ='选型表'!AB31 | F27: ='选型表'!T31 | G27: ='选型表'!AC31 | H27: ='选型表'!E31 | J27: 10kV (容量大于160kW) | K27: IP55 | L27: 按B级考核 | N27: 电动机定子绕组应埋置6 个Pt100 铂热电阻(单支三线制),每相2 个,并设独立的测温接线盒,测温接线盒与主接线盒同方向。
E28: 总计台数： | I28: 技术联系人：
A30: 此表（及其附件）经供需双方签字盖章确认后与合同具有同等法律效力，可以不再另行签订合同 | G30: 交货时间： | J30: 定子绕组接成星型; 连续工作制(S1型); 起动电流倍数≤7; 冷态连续起动三次,热态连续起动二次; 能效等级符合GB 30254-2013的1级; 电动机壳体应采用铸铁或钢板制成,绕组导体材质应采用铜,外露紧固螺栓应采用不锈钢材质(地脚螺栓除外); 垂直安装电动机应带防雨罩及防水措施; 爆炸危险区域内电动机应为隔爆型或粉尘防爆型,符合GB3836/IEC 60079要求; 160kW及以上电动机需配全绝缘型空间加热器(220VAC),设独立接线盒; 主接线盒应满足进线电缆规格要求,成套提供铠装电缆密封引入装置; 90kW及以上低压电动机要求2个接线口; 中心高≥160mm润滑脂电动机应配置注、排脂设施; 功率≥75kW脂润滑电动机应配置前、后自动注脂器; 轴承L10额定寿命不低于100,000h(水平安装)、25,000h(垂直安装); 中心高≥355mm电动机非负荷端需采用绝缘轴承或绝缘隔套; 功率185kW以上工频电动机和160kW以上变频电动机绕组应埋置6个Pt100铂热电阻(单支三线制); 机座号≥H315mm电动机前后端轴承宜配置Pt100铂热电阻(双支三线制); 变频电机应满足5-50Hz变频范围; 185kW及以下低压电动机冷却方式采用IC411,200kW以上变频电机采用IC416; 低压异步电动机使用寿命应至少20年,连续运行时间应至少4年。
A32: 需方代表： | G32: 供方代表：
J33: 喷漆颜色 | K33: 按买方要求 | L33: 色卡号：
A34: 生产部： 采购部： 质量： 技术：

Sheet 联轴器采购单
A1: 供应商： | F1: 询价/采购申请单号： | I1: ='密封采购单'!P1
A2: 采购单位 | C2: ='选型表'!D3 | F2: 联轴器采购单 | O2: 所属地区 | P2: ='选型表'!Y3 | Q2: ='选型表'!AB3 | S2: ='选型表'!AC3
A3: 项目名称/ 装置名称 | C3: ='选型表'!D5 | O3: 联 系 人 | P3: ='选型表'!Y5 | Q3: 日 期 | S3: ='选型表'!AC5
A4: 由技术/工程部填写 | P4: 由联轴器供应商填写
A5: 序号 | B5: 设备位号 | C5: 泵 型 号 | E5: 泵台数 | F5: ='选型表'!S6 | G5: 轴功率kW | H5: 电机型号 | I5: 电机功率kW | J5: 泵端轴头规格连接尺寸mm | K5: 电机端轴头规格连接尺寸mm | L5: 轴承架号 | M5: 联轴器类型 | N5: 轴端间距（DBSE） mm | O5: 备 件 | P5: 联轴器 | S5: 备注
P6: 型号 | Q6: 单价 | R6: 总价
U7: 此页要求查询涂黄处联轴器信息
A8: ='选型表'!A8 | B8: ='选型表'!C8 | E8: ='选型表'!E8 | F8: ='选型表'!T8 | G8: ='选型表'!X8 | H8: ='选型表'!AB8 | I8: ='选型表'!AC8 | L8: ='选型表'!AD8
A9: ='选型表'!A9 | B9: ='选型表'!C9 | E9: ='选型表'!E9 | F9: ='选型表'!T9 | G9: ='选型表'!X9 | H9: ='选型表'!AB9 | I9: ='选型表'!AC9 | L9: ='选型表'!AD9
A10: ='选型表'!A10 | B10: ='选型表'!C10 | E10: ='选型表'!E10 | F10: ='选型表'!T10 | G10: ='选型表'!X10 | H10: ='选型表'!AB10 | I10: ='选型表'!AC10 | L10: ='选型表'!AD10
A11: ='选型表'!A11 | B11: ='选型表'!C11 | E11: ='选型表'!E11 | F11: ='选型表'!T11 | G11: ='选型表'!X11 | H11: ='选型表'!AB11 | I11: ='选型表'!AC11 | L11: ='选型表'!AD11
A12: ='选型表'!A12 | B12: ='选型表'!C12 | E12: ='选型表'!E12 | F12: ='选型表'!T12 | G12: ='选型表'!X12 | H12: ='选型表'!AB12 | I12: ='选型表'!AC12 | L12: ='选型表'!AD12
A13: ='选型表'!A13 | B13: ='选型表'!C13 | E13: ='选型表'!E13 | F13: ='选型表'!T13 | G13: ='选型表'!X13 | H13: ='选型表'!AB13 | I13: ='选型表'!AC13 | L13: ='选型表'!AD13
A14: ='选型表'!A14 | B14: ='选型表'!C14 | E14: ='选型表'!E14 | F14: ='选型表'!T14 | G14: ='选型表'!X14 | H14: ='选型表'!AB14 | I14: ='选型表'!AC14 | L14: ='选型表'!AD14
A15: ='选型表'!A15 | B15: ='选型表'!C15 | E15: ='选型表'!E15 | F15: ='选型表'!T15 | G15: ='选型表'!X15 | H15: ='选型表'!AB15 | I15: ='选型表'!AC15 | L15: ='选型表'!AD15
A16: ='选型表'!A16 | B16: ='选型表'!C16 | E16: ='选型表'!E16 | F16: ='选型表'!T16 | G16: ='选型表'!X16 | H16: ='选型表'!AB16 | I16: ='选型表'!AC16 | L16: ='选型表'!AD16
A17: ='选型表'!A17 | B17: ='选型表'!C17 | E17: ='选型表'!E17 | F17: ='选型表'!T17 | G17: ='选型表'!X17 | H17: ='选型表'!AB17 | I17: ='选型表'!AC17 | L17: ='选型表'!AD17
A18: ='选型表'!A18 | B18: ='选型表'!C18 | E18: ='选型表'!E18 | F18: ='选型表'!T18 | G18: ='选型表'!X18 | H18: ='选型表'!AB18 | I18: ='选型表'!AC18 | L18: ='选型表'!AD18
A19: ='选型表'!A20 | B19: ='选型表'!C20 | E19: ='选型表'!E20 | F19: ='选型表'!T20 | G19: ='选型表'!X20 | H19: ='选型表'!AB20 | I19: ='选型表'!AC20 | L19: ='选型表'!AD20
A20: ='选型表'!A21 | B20: ='选型表'!C21 | E20: ='选型表'!E21 | F20: ='选型表'!T21 | G20: ='选型表'!X21 | H20: ='选型表'!AB21 | I20: ='选型表'!AC21 | L20: ='选型表'!AD21
A21: ='选型表'!A22 | B21: ='选型表'!C22 | E21: ='选型表'!E22 | F21: ='选型表'!T22 | G21: ='选型表'!X22 | H21: ='选型表'!AB22 | I21: ='选型表'!AC22 | L21: ='选型表'!AD22
A22: ='选型表'!A23 | B22: ='选型表'!C23 | E22: ='选型表'!E23 | F22: ='选型表'!T23 | G22: ='选型表'!X23 | H22: ='选型表'!AB23 | I22: ='选型表'!AC23 | L22: ='选型表'!AD23
A23: ='选型表'!A25 | B23: ='选型表'!C25 | E23: ='选型表'!E25 | F23: ='选型表'!T25 | G23: ='选型表'!X25 | H23: ='选型表'!AB25 | I23: ='选型表'!AC25 | L23: ='选型表'!AD25
A24: ='选型表'!A27 | B24: ='选型表'!C27 | E24: ='选型表'!E27 | F24: ='选型表'!T27 | G24: ='选型表'!X27 | H24: ='选型表'!AB27 | I24: ='选型表'!AC27 | L24: ='选型表'!AD27
A25: ='选型表'!A28 | B25: ='选型表'!C28 | E25: ='选型表'!E28 | F25: ='选型表'!T28 | G25: ='选型表'!X28 | H25: ='选型表'!AB28 | I25: ='选型表'!AC28 | L25: ='选型表'!AD28
A26: ='选型表'!A29 | B26: ='选型表'!C29 | E26: ='选型表'!E29 | F26: ='选型表'!T29 | G26: ='选型表'!X29 | H26: ='选型表'!AB29 | I26: ='选型表'!AC29 | L26: ='选型表'!AD29
A27: ='选型表'!A31 | B27: ='选型表'!C31 | E27: ='选型表'!E31 | F27: ='选型表'!T31 | G27: ='选型表'!X31 | H27: ='选型表'!AB31 | I27: ='选型表'!AC31 | L27: ='选型表'!AD31
D28: 总计 | E28: =SUM(E8:E12)
A30: 此表（及其附件）经供需双方签字盖章确认后与合同具有同等法律效力，可以不再另行签订合同。
A31: 需方代表：
A32: 计划员： 生产部负责人： 下达日期： 要求供货日期： 供应科长： 采购： 检查： 保管员：

Sheet 接线箱询价单
F1: ='封面'!E8
A2: 采购单位 | C2: ='封面'!E11 | F2: 接线箱采购单 | Q2: 所属地区 | T2: 评审人
A3: 业主名称
A4: 项目名称/装置名称 | C4: ='封面'!E9 | Q4: 联系人 | T4: 评审日期 | U4: ='封面'!E18 | X4: 此页要求查询涂黄处接线箱信息
A5: 序号 | B5: 设备位号 | C5: 型号 | E5: 数量 | F5: 操 作 条 件
Q6: 供货周期 | R6: 材质 | S6: 型号 | T6: 单价 （元） | U6: 备注
S7: 系统 | T7: 系统
A8: ='选型表'!A8 | B8: ='选型表'!C8 | D8: ='选型表'!R8 | E8: ='选型表'!E8 | F8: 接线箱(C2&C3类): 箱内端子备用15%, 电缆进口配电缆密封接头备用15%; 最低防爆形式增安型(Ex e), 防护等级IP66, 316/316L SS材质, 电缆密封接头Ex de, 316SS; 宜设置在非爆炸危险区或气体(粉尘)爆炸危险2(22)区内。
A9: ='选型表'!A9 | B9: ='选型表'!C9 | D9: ='选型表'!R9 | E9: ='选型表'!E9
A10: ='选型表'!A10 | B10: ='选型表'!C10 | D10: ='选型表'!R10 | E10: ='选型表'!E10
A11: ='选型表'!A11 | B11: ='选型表'!C11 | D11: ='选型表'!R11 | E11: ='选型表'!E11
A12: ='选型表'!A12 | B12: ='选型表'!C12 | D12: ='选型表'!R12 | E12: ='选型表'!E12
A13: ='选型表'!A13 | B13: ='选型表'!C13 | D13: ='选型表'!R13 | E13: ='选型表'!E13
A14: ='选型表'!A14 | B14: ='选型表'!C14 | D14: ='选型表'!R14 | E14: ='选型表'!E14
A15: ='选型表'!A15 | B15: ='选型表'!C15 | D15: ='选型表'!R15 | E15: ='选型表'!E15
A16: ='选型表'!A16 | B16: ='选型表'!C16 | D16: ='选型表'!R16 | E16: ='选型表'!E16
A17: ='选型表'!A17 | B17: ='选型表'!C17 | D17: ='选型表'!R17 | E17: ='选型表'!E17
A18: ='选型表'!A18 | B18: ='选型表'!C18 | D18: ='选型表'!R18 | E18: ='选型表'!E18
A19: ='选型表'!A20 | B19: ='选型表'!C20 | D19: ='选型表'!R19 | E19: ='选型表'!E20
A20: ='选型表'!A21 | B20: ='选型表'!C21 | D20: ='选型表'!R20 | E20: ='选型表'!E21
A21: ='选型表'!A22 | B21: ='选型表'!C22 | D21: ='选型表'!R21 | E21: ='选型表'!E22
A22: ='选型表'!A23 | B22: ='选型表'!C23 | D22: ='选型表'!R22 | E22: ='选型表'!E23
A23: ='选型表'!A25 | B23: ='选型表'!C25 | D23: ='选型表'!R23 | E23: ='选型表'!E25
A24: ='选型表'!A27 | B24: ='选型表'!C27 | D24: ='选型表'!R24 | E24: ='选型表'!E27
A25: ='选型表'!A28 | B25: ='选型表'!C28 | D25: ='选型表'!R25 | E25: ='选型表'!E28
A26: ='选型表'!A29 | B26: ='选型表'!C29 | D26: ='选型表'!R26 | E26: ='选型表'!E29
A27: ='选型表'!A31 | B27: ='选型表'!C31 | D27: ='选型表'!R27 | E27: ='选型表'!E31
A28: 合计
A29: 说明：

Sheet 喷漆包装要求
A1: ="喷漆"&'封面'!E8 | E1: ="包装"&'封面'!E8
A2: 油漆品牌 | E2: 设备包装要求
A3: 油漆种类
A4: 漆膜厚度
A5: 地区环境 | B5: 当地低温、多风沙、盐雾腐蚀
A6: 部位 | B6: 面漆颜色 | C6: 色卡号 | D6: 备注 | E6: 包装应满足室外放置6个月以上的要求
A7: 泵 | B7: 银 | C7: 9006 | D7: 面漆色标 按 ( 买方要求 )
A8: 底座
A9: 联轴器护罩 | B9: 淡黄 | C9: 1018
A10: 电机 | B10: 中酞蓝 | C10: 5010
A11: 系统管路
A12: 热水管路
A13: 冷却水管路
A14: 蒸汽管路
A15: 标志色 | B15: 大红 | C15: 2002
A16: 进出口阀门及过滤器等
A17: 控制柜（接线箱）等
A18: 其他部件（独立安装发货的大件） | C18: 9006
A21: 注意：针对有不锈钢表面不喷漆的要求，首先工程部与用户确认，泵头部分是否也按此执行；
A22: 厂标：如果有不锈钢表面不喷漆要求，焊接部位必须酸洗，机加工表面不用酸洗，不锈钢管需要采用亮管，不锈钢泵头部分按酸洗钝化处理。

Sheet 检验试验要求
C1: ="检验"&'封面'!E8
A2: 卖方应根据质量控制计划、有关工程规定和数据表的要求对提供的设备进行检验和试验，试验步骤和可接受的准则应符合合同标准和规范；如存在国际标准和规范中没有要求的试验，此项试验可按卖方的检查和试验步骤进行。机械密封冲洗液冷却器壳体水压试验压力应至少和泵的最大允许工作压力(MAWP)一致，如存在特殊工况无法满足时须经买方批准。所有承压部件的水压试验压力至少为最大允许工作压力(MAWP)的1.5倍。性能试验应使用所有合同中签订的密封设备和附件，至少应包含密封冲洗/隔离/缓冲/管线及罐；通过减速或减级进行性能试验的措施必须在合同签订前得到买方的书面许可。成套单元仪表系统的检验和验收测试应针对完整的仪表及控制系统，由成套厂商负责实施，业主或业主委托方按照批准的检验测试计划(ITP)见证过程；在装配过程中的任何阶段，业主或业主代表或业主委托的检验机构有权对设备、材料进行检验；所有与检验和测试相关的文件应提交业主评阅批准；出厂验收试验(FAT)应基于经业主批准的文件和工厂验收测试程序；成套厂商应在FAT前提交业主检验测试计划(ITP)供业主审阅批准；成套厂商应提交内部工厂测试报告和材料试验报告等书面材料用于完整性和符合性确认。通常应根据GB/T 1032、JB/T 7565和IEC 60034-1的有关章节对所有的电动机进行例行试验；如果在询价文件中没有另外规定，IEC 60034-1的公差一览表应适用于运行特性；大于75kW的电动机试验应由采购方认可；每台电机需检验合格后才能出厂，并附有型式试验或出厂试验报告、产品合格证和防爆合格证等有效文件。
I4: 此页要求查询涂黄处检验和试验信息

Sheet 完工资料要求
D1: ="完工资料"&'封面'!E8
A2: 完工资料要求
A3: A类资料：(1)所有的机器和设备基础图和设计的负荷数据(包括带地脚螺栓位置预留孔、基础外形、静动载荷、重心位置、基础允许的振动要求、最大件重量和维修重量等)，接到中标通知书两周内提供；(2)机组的主要连接管口允许承受的力、力矩、位移等，界区接口管道方位、等级等，接到中标通知书六周内提供；(3)公用工程消耗清单(包括水、电、气、油等)；(4)仪表设备一览表；(5)报警、联锁原理图及设定值；(6)电动机控制原理图和电气接线图及布置图；(7)P&I图、外形图及布置图、数据表。B类资料：(1)装配图、剖面图、安装图；(2)辅助设备的结构图、安装图；(3)易损件的部件图、材料及特殊要求；(4)详细配管空视图及管道支点位置、支点受力计算数据、支架型式；(5)机组的润滑油要求和规定、润滑油系统图；(6)电动机的接线箱；(7)机组组装及拆卸程序。C类资料：(1)材料试验报告(主要受力元件)；(2)卖方的检验报告和证明；(3)在卖方工厂所完成的试验报告；(4)安装说明书、操作手册和维修手册；(5)备品备件表；(6)专用工具表；(7)仪表控制说明书；(8)装箱单(包括设备、材料等)；(9)提供有关的参数、文件及图纸目录；(10)润滑油牌号、粘度等指标清单；(11)产品合格证及质量证明书、产品竣工图、质检单位签发的产品制造安全质量监督检验证书；(12)压力容器图纸及质量证明文件、合格证等(标明实际厚度、设计厚度、检验周期、检验方法等，按压力容器相关规定)。非结构化文档交付清单至少包括：带签署的技术协议、产品数据表、产品图纸、产品安装手册、产品运行维护手册、备品备件清单、检测检验报告、产品分解安装图(如果有)、产品分解安装视频(如果有)等。 | F3: 此页要求查询涂黄处完工资料/完工报告信息
A6: A类资料：(1)接到中标通知书两周内提供；(2)接到中标通知书六周内提供。B类资料和C类资料需满足买方的交付进度和交付数量要求。文件资料的提交种类、时间应以相关单位与交付方签订的合同为准。

Sheet 名词概念及注意事项
A2: 名词概念及注意事项
A3: 序号 | B3: 注意内容
A4: 1 | B4: 随机资料内容及编制方法详见技术协议
A5: 2 | B5: 每位号：指每个分号（例如2018-S-008-001为1个分号） | D5: 制式文件，此页无需操作
A6: 3 | B6: 1台套：指1台整机的全部用量（例如两端支撑泵用机械密封1台套实际包含数量为2套机械密封）
A7: 4 | B7: 套和台套要区分清楚：对于两端支撑泵，如果用户只要1套备件，工程人员需要明确写出要驱动端的还是非驱动端的
A8: 5 | B8: 1台套/泵型号：指相同泵型号的备件要1台套即可，如果相同型号备件材质不同，需要按高材质提供，工程人员应明确指出按哪个位号提供
A9: 6 | B9: 排产时工程人员应提供材料执行标准及材质代号
A10: 7 | B10: 如果各部件有特殊要求，例如碳钢轴承架、油雾润滑及轴承箱风冷等，要在排产说明中指出
A11: 8 | B11: 未写明标准版本的均按照最新版本执行
